AoeStats
← Favriel

Arabia

509666256Analyzed
2v2 RM · 4d ago on Sep 27, 2026· 69m 23s· 4 players
Game mode
Random Map
Map size
Medium (4 player)
Population
200
Speed
Normal
Resources
Standard
Victory
Conquest
Starting age
Dark Age
Ending age
Imperial Age
RankedLock teamsTeams togetherTeam positionsShared explorationLock speedFull tech treeHidden civsTurbo modeCheats
Victory
Defeat
🇹🇷 Lithuanians · Türkiye
1200
+14
🇹🇷 Mongols · Türkiye
1108
+17
🇩🇪 Persians · Germany
1178
-17
🇩🇪 Ethiopians · Germany
1104
-14
Lembo
6:51 Loom
9:12 Feudal Age
10:14 Double-Bit Axe
10:47 Horse Collar
20:04 Castle Age
18:54 Gold Mining
19:13 Scale Barding Armor
19:42 Bloodlines
22:35 Chain Barding Armor
24:10 Forging
27:26 Husbandry
29:15 Wheelbarrow
30:40 Fletching
31:18 Bow Saw
32:38 Bodkin Arrow
33:25 Crossbowman
35:16 Kamandaran
36:49 Ballistics
39:43 Imperial Age
38:26 Thumb Ring
39:42 Cavalier
41:26 Chemistry
43:00 Padded Archer Armor
43:35 Plate Barding Armor
44:42 Conscription
47:25 Town Watch
47:55 Hand Cart
47:30 Savar
52:47 Iron Casting
52:28 Leather Archer Armor
53:28 Squires
52:49 Pikeman
55:59 Halberdier
58:27 Blast Furnace
57:32 Scale Mail Armor
66:16 Chain Mail Armor
W_Wallace_AOE
7:23 Loom
9:51 Feudal Age
10:23 Double-Bit Axe
15:01 Wheelbarrow
17:21 Town Watch
19:55 Horse Collar
24:57 Castle Age
25:34 Fletching
25:45 Padded Archer Armor
25:48 Crossbowman
26:48 Bodkin Arrow
30:45 Leather Archer Armor
34:34 Scale Mail Armor
34:45 Forging
36:59 Squires
38:19 Hand Cart
37:59 Gold Mining
38:00 Stone Mining
47:01 Imperial Age
44:52 Chain Mail Armor
45:13 Iron Casting
45:11 Thumb Ring
45:53 Bow Saw
66:56 Ring Archer Armor
Favriel
6:09 Loom
9:12 Feudal Age
10:04 Double-Bit Axe
11:33 Town Watch
15:46 Horse Collar
22:16 Castle Age
21:06 Bloodlines
24:17 Scale Barding Armor
25:07 Bow Saw
26:57 Wheelbarrow
26:22 Gold Mining
27:12 Husbandry
27:42 Heavy Plow
33:47 Fletching
34:23 Stone Mining
38:09 Padded Archer Armor
38:38 Town Watch
41:41 Imperial Age
40:26 Thumb Ring
40:42 Leather Archer Armor
40:23 Bodkin Arrow
40:34 Light Cavalry
44:40 Ballistics
44:41 Hussar
45:36 Pikeman
57:39 Town Watch
58:26 Hand Cart
58:33 Squires
58:39 Scale Mail Armor
58:50 Forging
58:55 Town Patrol
61:22 Chemistry
61:36 Conscription
64:07 Gold Shaft Mining
64:48 Leather Archer Armor
64:52 Chain Mail Armor
65:42 Iron Casting
66:08 Arson
68:04 Blast Furnace
67:28 Chain Barding Armor
Oronax
8:50 Feudal Age
10:09 Double-Bit Axe
13:51 Scale Barding Armor
15:08 Loom
20:09 Castle Age
19:49 Gold Mining
21:36 Bow Saw
22:58 Wheelbarrow
22:39 Bow Saw
27:04 Husbandry
28:11 Bloodlines
30:28 Chain Barding Armor
30:18 Forging
34:26 Hand Cart
34:41 Horse Collar
36:31 Iron Casting
35:47 Fletching
37:19 Heavy Plow
36:52 Light Cavalry
38:17 Bodkin Arrow
38:20 Town Watch
42:47 Imperial Age
42:55 Cavalier
44:11 Plate Barding Armor
43:37 Bracer
44:59 Paladin
47:42 Two-Man Saw
46:32 Stone Mining
46:44 Caravan
47:28 Conscription
48:47 Chemistry
48:08 Ballistics
47:44 Murder Holes
51:04 Pikeman
51:44 Squires
51:45 Scale Mail Armor
51:44 Elite Leitis
54:16 Treadmill Crane
60:53 Halberdier
62:20 Winged Hussar
63:19 Tower Shields
63:35 Elite Skirmisher
64:17 Padded Archer Armor
69:00 Leather Archer Armor
69:02 Chain Mail Armor
69:29 Masonry
Connection lost

Rejoining the realm…

Still unreachable

The connection could not be restored.

Session expired

The server has moved on; the page needs a fresh start.